 Dungeon Crawl Stone Soup version 0.29.1-14-g9c671dbff4 (webtiles) character file.

Game seed: 10317073365030737836

10273 leafyfresh the Covert (level 11, -5/81 HPs)
             Began as an Octopode Transmuter on Feb 14, 2023.
             Was a Priest of Ashenzari.
             Slain by a four-headed hydra (10 damage)
             ... on level 12 of the Dungeon.
             The game lasted 01:00:08 (21401 turns).

leafyfresh the Covert (Octopode Transmuter)        Turns: 21401, Time: 01:00:09

Health: -5/81      AC:  2    Str: 11    XL:     11   Next: 59%
Magic:  14/16      EV: 29    Int: 23    God:    Ashenzari [***...]
Gold:   1831       SH:  0    Dex: 19    Spells: 6/17 levels left

rFire   x . .      SeeInvis +     - Unarmed
rCold   + + .      Faith    .   (shield currently unavailable)
rNeg    . . .      Spirit   .   (helmet currently unavailable)
rPois   x          Reflect  .   (no amulet)
rElec   .          Harm     .   d - ring of the Astral Augur {Fly, Alch, Comp} (curse)
rCorr   .          Rampage  .   o - ring of the Lashed Oracle {SInv, Melee, Evo} (curse)
Will    .....      Clarity  +   B - ring "Perceptive Loss" {rC+, Evo, Comp} (curse)
Stlth   ++++++....              h - ring of Cremastomancy {Int+6, Melee, Cun} (curse)
HPRegen 0.23/turn               G - ring of Ashenzari's Seer {SInv, Evo, Cun} (curse)
MPRegen 0.15/turn               O - ring "Share My Liberalism" {Ice, Evo, Self} (curse)
                                (no ring)
                                (no ring)

@: spider-form, flying
A: venomous fangs, almost no armour, (amphibious), 8 rings, tiny, (camouflage
1), (gelatinous body 1), (nimble swimmer 1), (tentacles)
a: End Transformation, Renounce Religion, Curse Item, Shatter the Chains


You were on level 12 of the Dungeon.
You worshipped Ashenzari.
Ashenzari was most pleased with you.
You were a venomous arachnid creature.
You visited 2 branches of the dungeon, and saw 13 of its levels.
You also visited: Sewer.

You collected 1831 gold pieces.

Inventory:

Hand Weapons
 b - a +5 dagger of electrocution (melded)
 c - the +1 halberd of Growth {vorpal, Str+9}
   (You found it on level 9 of the Dungeon)

   It inflicts extra damage upon your enemies.
   Str:       It affects your strength (+9).
 q - the +6 hand axe of Ignis's Brutal Revenge {drain, rF+ rC+}
   (You found it in a sewer)

   A truly terrible weapon, it drains the life of any living foe it strikes.
   rF:        It protects you from fire.
   rC:        It protects you from cold.
 u - a +0 shortbow
Missiles
 y - a throwing net
 C - a curare-tipped dart (quivered)
Magical Staves
 M - a staff of air
Jewellery
 d - the cursed ring of the Astral Augur (left front leg) {Fly, Alch, Comp}
   (You found it on level 1 of the Dungeon)

   [ring of flight]

   Fly:       It grants you flight.
   It has a curse which improves the following skills: Alchemy: Poison Magic and
   Transmutations.
   Companions: Summonings and Necromancy.
 h - the cursed ring of Cremastomancy (on tentacle) {Int+6, Melee, Cun}
   (You found it on level 10 of the Dungeon)

   [ring of intelligence]

   Int:       It affects your intelligence (+6).
   It has a curse which improves the following skills: Melee Combat: Short
   Blades, Long Blades, Axes, Maces & Flails, Polearms, Staves and Unarmed
   Combat.
   Cunning:   Dodging and Stealth.
 o - the cursed ring of the Lashed Oracle (right front leg) {SInv, Melee, Evo}
   (You found it on level 3 of the Dungeon)

   [ring of see invisible]

   SInv:      It lets you see invisible.
   It has a curse which improves the following skills: Melee Combat: Short
   Blades, Long Blades, Axes, Maces & Flails, Polearms, Staves and Unarmed
   Combat.
   Evocations: Evocations.
 B - the cursed ring "Perceptive Loss" (on tentacle) {rC+, Evo, Comp}
   (You found it on level 9 of the Dungeon)

   [ring of protection from cold]

   rC:        It protects you from cold.
   It has a curse which improves the following skills: Evocations: Evocations.
   Companions: Summonings and Necromancy.
 G - the cursed ring of Ashenzari's Seer (on tentacle) {SInv, Evo, Cun}
   (You found it on level 10 of the Dungeon)

   [ring of see invisible]

   SInv:      It lets you see invisible.
   It has a curse which improves the following skills: Evocations: Evocations.
   Cunning:   Dodging and Stealth.
 O - the cursed ring "Share My Liberalism" (on tentacle) {Ice, Evo, Self}
   (You found it on level 12 of the Dungeon)

   [ring of ice]

   It enhances your ice magic.
   rF:        It makes you vulnerable to fire.
   rC:        It protects you from cold.
   It has a curse which improves the following skills: Evocations: Evocations.
   Introspection: Fighting and Spellcasting.
Wands
 g - a wand of roots (11)
 s - a wand of polymorph (3)
 v - a wand of paralysis (10)
 E - a wand of digging (6)
 I - a wand of flame (9)
Scrolls
 a - a scroll of summoning
 e - 2 scrolls of immolation
 f - 2 scrolls of amnesia
 i - 3 scrolls of enchant armour
 l - 4 scrolls of vulnerability
 n - a scroll of blinking
 p - 2 scrolls of teleportation
 t - 2 scrolls of butterflies
 F - a scroll of poison
 K - 4 scrolls of noise
 L - a scroll of torment
 N - 2 scrolls of fear
Potions
 j - 5 potions of brilliance
 k - 3 potions of haste
 m - 2 potions of mutation
 r - a potion of magic
 w - 4 potions of flight
 x - 5 potions of curing
 z - 3 potions of heal wounds
 A - a potion of might
 D - a potion of berserk rage
 H - 2 potions of invisibility
 J - a potion of lignification


   Skills:
 + Level 8.6(10.2) Fighting
 + Level 8.8(11.3) Dodging
 - Level 11.2(13.6) Stealth
 + Level 9.2(11.6) Unarmed Combat
 - Level 2.2(3.5) Spellcasting
 - Level 6.7(8.4) Transmutations


You had 6 spell levels left.
You knew the following spells:

 Your Spells              Type           Power      Damage    Failure   Level
a - Beastly Appendage     Tmut           84%        N/A       3%          1
b - Spider Form           Tmut/Pois      23%        N/A       16%         3
c - Swiftness             Air            4%         N/A       54%         3
d - Passwall              Tmut/Erth      19%        N/A       11%         2
e - Wereblood             Tmut           42%        N/A       3%          2

Your spell library contained the following spells:

 Spells                   Type           Power      Damage    Failure   Level
 Freeze                   Ice            24%        1d5       26%         1
 Ensorcelled Hibernation  Hex/Ice        12%        N/A       36%         2
 Ice Form                 Ice/Tmut       35%        N/A       41%         4
 Frozen Ramparts          Ice            12%        1d2       54%         3
 Hailstorm                Conj/Ice       6%         3d4       88%         4
 Simulacrum               Ice/Necr       3%         N/A       100%        6


Dungeon Overview and Level Annotations

Branches:
Dungeon (12/15)            Temple (1/1) D:5            Lair (0/5) D:8
    Orc (0/2) D:12          Sewer (visited)

Altars:
Ashenzari
Cheibriados
Dithmenos
Fedhas
Gozag
Kikubaaqudgha
Makhleb
Nemelex Xobeh
Okawaru
Qazlal
Ru
Sif Muna
Trog
Uskayaw
Vehumet
Wu Jian
Xom
Yredelemnul
Zin
The Shining One

Shops:
D:2 (


Innate Abilities, Weirdness & Mutations

You are a venomous arachnid creature.
You have poisonous fangs.
You are tiny and dextrous.
Your spellcasting is less reliable in this form.
Your armour is entirely melded.
You are incapable of wielding weapons or throwing items.
You cannot wear most types of armour.
((You are amphibious.))
You can wear up to eight rings at the same time.
((Your skin changes colour to match your surroundings (Stealth+).))
((Your rubbery body absorbs attacks. (AC +1, EV +1)))
((You are camouflaged when in or above water. (Stealth+)))
((You have tentacles for arms and can constrict up to eight enemies at once.))


Message History

The four-headed hydra bites you but does no damage.
The four-headed hydra completely misses you.
An unseen horror comes into view.
Unknown command.
You bite the four-headed hydra!
The four-headed hydra is severely wounded.
The four-headed hydra bites you!
* * * LOW HITPOINT WARNING * * *
The four-headed hydra misses you.
The four-headed hydra completely misses you.
The four-headed hydra barely misses you.
You bite the four-headed hydra!
The four-headed hydra looks as sick as possible!
The four-headed hydra is severely wounded.
The four-headed hydra closely misses you.
The four-headed hydra misses you.
The four-headed hydra closely misses you.
The four-headed hydra completely misses you.
You hit the four-headed hydra.
The four-headed hydra looks as sick as possible!
The four-headed hydra is almost dead.
Unknown command.
You hit the four-headed hydra.
The four-headed hydra looks as sick as possible!
The four-headed hydra is almost dead.
The four-headed hydra bites you!
* * * LOW HITPOINT WARNING * * *
The four-headed hydra bites you but does no damage.
The four-headed hydra misses you.
The four-headed hydra closely misses you.
You hit the four-headed hydra.
The four-headed hydra is almost dead.
The four-headed hydra closely misses you. x2
The four-headed hydra completely misses you.
The four-headed hydra barely misses you.
Unknown command.
You hit the four-headed hydra but do no damage.
The four-headed hydra is almost dead.
The four-headed hydra bites you!
You die...

* #..####.# .^.....
*####..####.##.#(....
#..............(....
*
#.##..)..>.....(....
,
#.##.#####.####(##$#
* ##.##.# #.# #.# * *
...##.#####.# #x# *,#
.#.##....##.#
#D####.#
########.##.#
#s...).### * .....#
#.##.# #.........
.....# #.#..#
##.#######
)._..###.#.## #.# ,
.....#......# #.#
.....###.#..# #.# ,*
###### #.#..# #.#
....####.#.)# #.# *
.#....##.#..# #.# ,


You could see a four-headed hydra (extremely poisoned) and an unseen horror
(invisible).

Vanquished Creatures
  A hydra (D:9)
  A two-headed ogre (D:12)
  2 cyclopes (D:11)
  A gargoyle (D:11)
  3 trolls
  2 dream sheep (D:9)
  A shadow (D:12)
  A vampire (D:12)
  A wyvern (D:8)
  A basilisk (D:12)
  6 yaks
  3 wraiths
  A steam dragon (D:7)
  2 water moccasins
  Duvessa (D:4)
  A sky beast (D:7)
  4 orc warriors
  A black bear (D:5)
  2 ogres
  11 centaurs
  5 phantoms
  3 kobold brigands (D:9)
  4 bullfrogs
  2 gnoll sergeants (D:10)
  A scorpion (D:5)
  6 wights
  Dowan (D:4)
  6 killer bees (D:8)
  4 howler monkeys
  2 electric eels
  A gnoll bouda (D:7)
  3 hounds
  A jelly (D:4)
  6 orc priests
  5 iguanas
  9 orc wizards
  A hound skeleton (D:3)
  17 gnolls
  15 adders
  7 river rats (Sewer)
  A shadow imp (D:8)
  A white imp (D:7)
  An ufetubus (D:4)
  2 adder skeletons (D:3)
  3 worms
  3 dart slugs
  29 orcs
  21 ball pythons
  8 endoplasms
  11 giant cockroaches
  9 goblins
  4 hobgoblins
  7 jackals
  6 quokkas
  A ball python skeleton (D:3)
  5 bats
  6 frilled lizards
  5 kobolds
  A quokka zombie (D:3)
  27 rats
296 creatures vanquished.

Vanquished Creatures (others)
  A gnoll (D:7)
  A fungus (D:8)
  17 plants
  2 withered plants (D:4)
21 creatures vanquished.

Grand Total: 317 creatures vanquished

Notes
Turn   | Place    | Note
-------+----------+-------------------------------------------
     0 | D:1      | leafyfresh the Octopode Transmuter began the quest for the
                  | Orb.
     0 | D:1      | Reached XP level 1. HP: 13/13 MP: 3/3
   245 | D:1      | Reached XP level 2. HP: 9/18 MP: 1/5
  1021 | D:1      | Reached XP level 3. HP: 3/23 MP: 4/6
  2728 | D:2      | Reached XP level 4. HP: 28/28 MP: 7/7
  2732 | D:2      | Learned a level 3 spell: Spider Form
  2857 | D:2      | Found Qobredwifia's Weapon Shop.
  3248 | D:2      | Found a faded altar of an unknown god.
  3832 | D:3      | Found a glowing drain.
  3835 | D:3      | Reached XP level 5. HP: 32/33 MP: 5/8
  3851 | Sewer    | Entered a sewer
  4210 | Sewer    | Reached skill level 5 in Transmutations
  4451 | Sewer    | Identified the +6 hand axe of Ignis's Brutal Revenge
                  | {drain, rF+ rC+}
  4936 | Sewer    | Reached XP level 6. HP: 38/38 MP: 9/9
  5919 | D:4      | Reached XP level 7. HP: 33/43 MP: 10/10
  5919 | D:4      | Found a basalt altar of Yredelemnul.
  5929 | D:4      | Reached skill level 1 in Stealth
  5963 | D:4      | HP: 1/44 [phantom (2)]
  6591 | D:4      | Reached skill level 2 in Stealth
  6892 | D:4      | Reached skill level 3 in Stealth
  7506 | D:4      | Reached skill level 4 in Stealth
  7506 | D:4      | Reached XP level 8. HP: 52/52 MP: 11/11
  7556 | D:4      | Noticed Dowan
  7560 | D:4      | Killed Dowan
  7560 | D:4      | Noticed Duvessa
  7568 | D:4      | HP: 1/52 [Duvessa/+0 short sword (11)]
  7578 | D:4      | Killed Duvessa
  8294 | D:5      | Entered Level 5 of the Dungeon
  8393 | D:5      | Reached skill level 5 in Stealth
  8535 | D:5      | Found a staircase to the Ecumenical Temple.
  8546 | Temple   | Entered the Ecumenical Temple
  8814 | Temple   | Became a worshipper of Ashenzari the Shackled
  8932 | D:5      | Reached skill level 5 in Unarmed Combat
  9294 | D:5      | Noticed a troll
  9310 | D:5      | Killed a troll
  9311 | D:5      | Reached skill level 6 in Stealth
  9988 | D:6      | Reached skill level 5 in Fighting
 10228 | D:6      | Reached skill level 7 in Stealth
 10228 | D:6      | Reached XP level 9. HP: 61/61 MP: 8/12
 10964 | D:6      | Reached skill level 8 in Stealth
 11707 | D:7      | Found a flagged portal.
 12006 | D:7      | Reached * piety under Ashenzari
 12857 | D:8      | Learned a level 3 spell: Swiftness
 12860 | D:8      | Learned a level 2 spell: Passwall
 13378 | D:8      | Found a staircase to the Lair.
 13401 | D:8      | Reached skill level 9 in Stealth
 13488 | D:8      | Reached XP level 10. HP: 25/68 MP: 10/13
 14391 | D:9      | Reached skill level 10 in Stealth
 14398 | D:9      | HP: 3/68 [yak (14)]
 14752 | D:9      | Reached skill level 5 in Dodging
 14759 | D:9      | HP: 1/68 [troll (18)]
 15650 | D:9      | Reached skill level 11 in Stealth
 15755 | D:9      | Identified the +1 halberd of Growth {vorpal, Str+9}
 15755 | D:9      | Noticed a two-headed hydra
 15887 | D:9      | Learned a level 2 spell: Wereblood
 15951 | D:9      | Killed a two-headed hydra
 16256 | D:10     | Entered Level 10 of the Dungeon
 16279 | D:10     | Found a bloodstained altar of Trog.
 16384 | D:10     | Reached ** piety under Ashenzari
 17521 | D:10     | Reached XP level 11. HP: 57/75 MP: 10/14
 18281 | D:11     | Noticed a cyclops
 18338 | D:11     | Killed a cyclops
 18388 | D:11     | Noticed a cyclops
 18408 | D:11     | Killed a cyclops
 19149 | D:12     | Found a radiant altar of Vehumet.
 19149 | D:12     | Identified a scroll of acquirement
 19183 | D:12     | Acquired 1007 gold pieces
 21010 | D:12     | Noticed a five-headed hydra
 21090 | D:12     | Found a staircase to the Orcish Mines.
 21222 | D:12     | Noticed a two-headed ogre
 21232 | D:12     | Killed a two-headed ogre
 21315 | D:12     | Noticed a four-headed hydra
 21338 | D:12     | Reached *** piety under Ashenzari
 21401 | D:12     | Slain by a four-headed hydra

Illustrated notes

Levels and vault maps discovered:
D:1:      elethiomel_arrival_diamonds, layout_basic, serial_aquarium,
          aquarium_bridge_square [aquarium_subvault_wall,
          aquarium_subvault_bridge, aquarium_subvault_balcony,
          aquarium_subvault_wall], aquarium_bridge_square
          [aquarium_subvault_window, aquarium_subvault_bridge,
          aquarium_subvault_window, aquarium_subvault_wall], aquarium_window_1,
          aquarium_window_1, aquarium_window_corridor_1, aquarium_view_2b,
          hex_medium, wander_ebering_terrifying_dragon_lair
D:2:      layout_basic, serial_shops, nicolae_shop_advertising_works
          [nicolae_subvault_shop_adworks], ebering_ecumenical_altar_abandoned,
          minmay_split_cup_large
D:3:      layout_rooms, gup_sewer_entry_pipe, serial_undead, serial_undead_a,
          serial_undead_b, serial_undead_d, serial_undead_c
D:4:      layout_loops_ring, yredelemnul_altar_generic, enter_ossuary_5,
          uniq_duvessa
D:5:      layout_loops_ring, minmay_temple_entry_large_hall, lemuel_flame_loot_1
D:6:      layout_basic, lightli_minifort
D:7:      layout_gridville, enter_bailey_2, serial_bayou_ford_a
D:8:      layout_basic, dpeg_oklobed_lair
D:9:      hellmonk_crumbling_castle, layout_basic, hangedman_ranch
D:10:     layout_irregular_city, mainiacjoe_overflow_alcove_4
D:11:     layout_cave_pools
D:12:     layout_loops_ring, minmay_orc_entry_temple_small, vehumet_crystals
Temple:   mainiacjoe_temple_cubbyholes

Skill      XL: |  1  2  3  4  5  6  7  8  9 10 11 |
---------------+----------------------------------+-----
Transmutations | 3 4 5 6 |  6.7
Stealth        | 4 7 9 11 | 11.2
Fighting       | 3 5 7 8 |  8.6
Unarmed Combat | 4 6 8 9 |  9.2
Dodging        | 4 7 8 |  8.8
Spellcasting   | |  2.2

Action                   |  1- 3 |  4- 6 |  7- 9 | 10-12 || total
-------------------------+-------+-------+-------+-------++-------
Melee: Unarmed           |    23 |    60 |    99 |   256 ||   438
       Constrict         |    29 |    29 |    26 |     6 ||    90
       Tentacles         |    20 |    23 |    31 |     6 ||    80
       Kick              |     7 |    11 |    26 |       ||    44
       Punch             |     1 |     4 |     6 |     3 ||    14
       Dagger            |    95 |    72 |    17 |    53 ||   237
       Hand axe          |       |    40 |   135 |       ||   175
 Fire: Shortbow          |       |       |     5 |       ||     5
Throw: Dart              |       |       |       |    17 ||    17
 Cast: Beastly Appendage |     5 |     4 |    10 |       ||    19
       Spider Form       |       |     6 |    16 |    28 ||    50
       Wereblood         |       |       |       |     1 ||     1
       Passwall          |       |       |       |     1 ||     1
Invok: Curse Item        |       |       |     2 |     4 ||     6
  Use: Scroll            |       |     5 |    17 |     7 ||    29
       Potion            |       |     1 |     4 |     2 ||     7
 Stab: Sleeping          |     5 |    10 |    16 |    13 ||    44
       Distracted        |       |     1 |     1 |       ||     2
Armor: Skin              |    14 |    14 |    18 |    26 ||    72
Dodge: Dodged            |    73 |   144 |   226 |   276 ||   719
